 Dungeon Crawl Stone Soup version 0.13-b1-24-g18a6e78 (webtiles) character file.

14626 Kae the Frost Mage (level 11, -5/51 (54) HPs)
             Began as a Deep Elf Ice Elementalist on Oct 3, 2013.
             Was an Elder of Vehumet.
             Slain by a blink frog (17 damage)
             ... on Level 2 of the Lair of Beasts.
             The game lasted 01:01:14 (19485 turns).

Kae the Frost Mage (Deep Elf Ice Elementalist)     Turns: 19485, Time: 01:01:15

HP  -5/51 (54)   AC  9     Str  7      XL: 11   Next: 85%
MP   4/32        EV 13     Int 22      God: Vehumet [****..]
Gold 423         SH 13     Dex 15      Spells: 10 memorised,  4 levels left

Res.Fire  : + . .   See Invis. : .   (no weapon)
Res.Cold  : + . .   Warding    : .   L - +2 robe {rF+}
Life Prot.: . . .   Conserve   : .   g - +2 buckler
Res.Poison: .       Res.Corr.  : .   (no helmet)
Res.Elec. : .       Clarity    : .   E - +0 cloak
Sust.Abil.: . .     Spirit.Shd : .   e - +1 pair of orc gauntlets
Res.Mut.  : .       Stasis     : .   (no boots)
Res.Rott. : .       Flight     : .   m - amulet of the gourmand
Gourmand  : +                        C - ring of sustenance
                                     u - ring of wizardry

@: somewhat resistant to hostile enchantments, fairly stealthy
A: cold resistance 1, slow metabolism 1, AC +2
a: Renounce Religion


You were on level 2 of the Lair of Beasts.
You worshipped Vehumet.
Vehumet was greatly pleased with you.
You were very full.

You visited 3 branches of the dungeon, and saw 14 of its levels.
You also visited: Sewer.

You collected 683 gold pieces.
You spent 280 gold pieces at shops.

Inventory:

Hand weapons
 l - a +2,+0 long sword of draining
 B - a +0,+2 short sword of freezing
 R - a +2,+0 flail of crushing
Missiles
 i - 20 darts (quivered)
 x - 12 darts of frost
 F - 9 silver darts
 O - 6 poisoned darts
 T - 5 darts of dispersal
Armour
 e - a +1 pair of orcish gauntlets (worn)
 g - a +2 buckler (worn)
 E - a +0 cloak (worn)
 L - a +2 robe of fire resistance (worn)
Magical devices
 n - a wand of confusion (6)
 v - a wand of fireball (3)
 J - a wand of teleportation (3)
 P - a wand of fire (4)
Scrolls
 h - 2 scrolls of amnesia
 t - a scroll of immolation
 y - a scroll of noise
 z - 2 scrolls of remove curse
 A - a scroll of fear
 D - 6 scrolls of teleportation
 G - 5 scrolls of identify
 H - 2 scrolls of enchant weapon II
 M - 3 scrolls of blinking
 S - 2 scrolls of fog
 W - a scroll of magic mapping
Jewellery
 f - an uncursed ring of protection from fire
 m - an amulet of the gourmand (around neck)
 p - a +3 ring of dexterity
 u - a ring of wizardry (left hand)
 C - a ring of sustenance (right hand)
 K - an uncursed amulet of guardian spirit
 N - an uncursed amulet of resist corrosion
Potions
 d - 2 potions of curing
 r - a potion of confusion {unknown}
Books
 b - a book of Frost

   Spells                             Type                      Level
   *Freeze                            Ice                          1
   *Throw Frost                       Conjuration/Ice              2
   Ozocubu's Armour                   Charms/Ice                   3
   *Throw Icicle                      Conjuration/Ice              4
   *Summon Ice Beast                  Ice/Summoning                4
   Condensation Shield                Ice                          4
 U - a book of Air

   Spells                             Type                      Level
   *Shock                             Conjuration/Air              1
   *Swiftness                         Charms/Air                   2
   *Repel Missiles                    Charms/Air                   2
   *Flight                            Charms/Air                   3
   Static Discharge                   Conjuration/Air              3
   *Lightning Bolt                    Conjuration/Air              5
 X - a book of Hinderance

   Spells                             Type                      Level
   Confusing Touch                    Hexes                        1
   Slow                               Hexes                        2
   Confuse                            Hexes                        3
   Petrify                            Transmutation/Earth          4
   Leda's Liquefaction                Hexes/Earth                  4
   Metabolic Englaciation             Hexes/Ice                    6


   Skills:
 - Level 2.4 Dodging
 - Level 2.4 Stealth
 + Level 5.2 Shields
 + Level 10.7 Spellcasting
 * Level 12.0 Conjurations
 * Level 13.1 Ice Magic


You had 4 spell levels left.
You knew the following spells:

 Your Spells              Type           Power        Failure   Level  Hunger
a - Freeze                Ice            ####         1%          1    None
b - Throw Frost           Conj/Ice       ######       1%          2    None
c - Throw Icicle          Conj/Ice       ######..     1%          4    #......
d - Shock                 Conj/Air       ####         1%          1    None
e - Summon Ice Beast      Ice/Summ       #####.....   1%          4    #......
f - Mephitic Cloud        Conj/Pois/Air  ####....     1%          3    None
g - Lightning Bolt        Conj/Air       #####.....   1%          5    ###....
h - Repel Missiles        Chrm/Air       ##........   3%          2    None
i - Swiftness             Chrm/Air       ##........   3%          2    None
j - Flight                Chrm/Air       ##........   7%          3    None


Dungeon Overview and Level Annotations

Branches:
Dungeon (11/27)            Temple (1/1) D:4             Orc (0/4) D:11
   Lair (2/8) D:10

Altars:
Ashenzari
Cheibriados
Elyvilon
Fedhas
Kikubaaqudgha
Makhleb
Nemelex Xobeh
Okawaru
Sif Muna
Trog
Vehumet
Xom
Yredelemnul
Zin
the Shining One

Shops:
D:10 ?((+[   D:11 *

Annotations:
D:6 exclusions: downstairs and ice beast
D:9 Maurice
D:11 exclusion: 2 doors


Innate Abilities, Weirdness & Mutations

You are partially covered in thin metallic scales (AC +2).
Your flesh is cold resistant.
You have a slow metabolism.


Message History

The blink frog blinks!
You start resting.
The blink frog hits you.
* * * LOW HITPOINT WARNING * * *
The blink frog blinks!
You start resting.
Casting: Throw Icicle
Confirm with . or Enter, or press ? or * to list all spells.
Aiming: Throw Icicle
Press: ? - help, Shift-Dir - straight line, f/p - blink frog
Aim: a blink frog (moderately wounded)
The shard of ice misses the blink frog.
You block the blink frog's attack.
Casting: Throw Icicle
Confirm with . or Enter, or press ? or * to list all spells.
Aiming: Throw Icicle
Press: ? - help, Shift-Dir - straight line, f/p - blink frog
Aim: a blink frog (lightly wounded)
The shard of ice hits the blink frog.
The blink frog is heavily wounded.
The blink frog hits you!
You die...

#.## ..##+.#. ...#
#......#
...########......#
#P..#.....+......#
........##.......#
fP.##f#####F.....#
##.#### #......#
#.. #...+### #..
##...#@# #..
#...F## ##. ##.###
#ยง# #F# ... .....
#...... #.......


You could see a blink frog.

Vanquished Creatures
  2 hill giants
  A black mamba (Lair:2)
  Psyche (D:9)
  2 komodo dragons
  4 blink frogs (Lair:2)
  An air elemental (D:8)
  9 yaks
  2 basilisks
  A water elemental (D:8)
  A wyvern (D:8)
  An elephant slug (Lair:2)
  A fire elemental (D:8)
  Eustachio (D:6)
  A hungry ghost (D:8)
  3 hippogriffs
  5 ice beasts
  2 porcupines (Lair:1)
  2 phantoms (D:7)
  A naga (D:10)
  4 black bears
  2 necrophages
  7 centaurs
  A yellow wasp (D:9)
  4 big kobolds
  3 crocodiles
  4 ogres
  2 sky beasts
  4 wargs (D:11)
  7 giant frogs
  A giant slug (Lair:2)
  A water moccasin (D:9)
  Blork the orc (D:6)
  An earth elemental (D:8)
  A gnoll sergeant (D:10)
  27 killer bees
  A troll skeleton (D:11)
  2 yak skeletons
  6 wights
  A jelly (D:10)
  5 goliath beetles
  A hippogriff skeleton (D:10)
  8 crimson imps
  3 giant frog skeletons
  Crazy Yiuf (D:3)
  A giant frog zombie (D:7)
  A human (D:10)
  5 orc priests
  9 hounds
  A quasit (D:9)
  7 orc wizards
  2 iguanas
  5 scorpions
  10 worker ants
  A crocodile zombie (D:8)
  A sky beast zombie (D:6)
  Ijyb (D:2)
  A hound zombie (D:9)
  A mummy (D:10)
  11 adders
  A giant centipede (Lair:1)
  9 gnolls
  16 green rats
  An inept feature mimic (D:4)
  7 worms
  A giant eyeball (D:8)
  9 giant geckos
  An ooze (D:2)
  26 orcs
  4 ball pythons
  33 bats
  4 giant cockroaches
  5 grey rats
  17 hobgoblins
  25 jackals
  37 kobolds
  A ball python skeleton (D:4)
  6 giant newts
  2 giant spores
  16 goblins
  2 goblin skeletons (D:4)
  A hobgoblin skeleton (D:6)
  3 hobgoblin zombies
  An orc zombie (D:10)
  7 quokkas
  18 rats
  9 ballistomycetes
  2 butterflies (D:7)
460 creatures vanquished.

Notes
Turn   | Place    | Note
--------------------------------------------------------------
     0 | D:1      | Kae, the Deep Elf Ice Elementalist, began the quest for the Orb.
     0 | D:1      | Reached XP level 1. HP: 10/10 MP: 4/4
   191 | D:1      | Reached XP level 2. HP: 13/15 MP: 5/7
   383 | D:1      | Reached skill level 4 in Ice Magic
   728 | D:2      | Reached XP level 3. HP: 17/19 MP: 7/10
  1144 | D:2      | Noticed Ijyb
  1268 | D:2      | Killed Ijyb
  1268 | D:2      | Reached XP level 4. HP: 20/24 MP: 1/13
  1762 | D:3      | Learned a level 2 spell: Throw Frost
  1800 | D:3      | Reached skill level 5 in Ice Magic
  2425 | D:3      | Noticed Crazy Yiuf
  2430 | D:3      | Killed Crazy Yiuf
  2430 | D:3      | Reached XP level 5. HP: 28/28 MP: 7/16
  2560 | D:4      | Found a staircase to the Ecumenical Temple.
  2576 | Temple   | Entered the Ecumenical Temple
  2616 | Temple   | Became a worshipper of Vehumet
  3038 | D:4      | Reached skill level 6 in Ice Magic
  3038 | D:4      | Reached XP level 6. HP: 24/32 MP: 13/19
  3526 | D:4      | Found a sparkling altar of Nemelex Xobeh.
  4583 | D:4      | Acquired Vehumet's first power
  4583 | D:4      | Offered knowledge of Shock by Vehumet.
  4591 | D:4      | Learned a level 4 spell: Throw Icicle
  4593 | D:4      | Learned a level 1 spell: Shock
  4599 | D:5      | Entered Level 5 of the Dungeon
  4599 | D:5      | Noticed a necrophage
  4619 | D:5      | Killed a necrophage
  4619 | D:5      | Reached XP level 7. HP: 12/35 MP: 6/21
  4823 | D:5      | Reached skill level 5 in Spellcasting
  4864 | D:5      | Reached skill level 7 in Ice Magic
  5036 | D:5      | Reached skill level 5 in Conjurations
  5203 | D:5      | Found a glowing drain.
  5302 | Sewer    | Entered a sewer
  5494 | Sewer    | Noticed Purgy
  5828 | D:6      | Found a bloodstained altar of Trog.
  5841 | D:6      | Reached XP level 8. HP: 33/35 MP: 19/24
  6223 | D:6      | Offered knowledge of Magic Dart by Vehumet.
  6331 | D:6      | Noticed Blork the orc
  6721 | D:6      | Gained mutation: You have a slow metabolism. [potion of mutation]
  6721 | D:6      | Gained mutation: Your flesh is cold resistant. [potion of mutation]
  6721 | D:6      | Gained mutation: You are partially covered in thin metallic scales (AC +2). [potion of mutation]
  6723 | D:6      | Killed Blork the orc
  6723 | D:6      | Reached skill level 8 in Ice Magic
  7496 | D:6      | Noticed Eustachio
  7536 | D:7      | Noticed a hill giant
  7699 | D:6      | Killed Eustachio
  8129 | D:7      | Reached skill level 9 in Ice Magic
  8271 | D:7      | Reached XP level 9. HP: 42/42 MP: 14/27
  8532 | D:7      | Reached skill level 1 in Shields
  9196 | D:7      | Found a white marble altar of Elyvilon.
  9225 | D:7      | Killed a hill giant
  9225 | D:7      | Reached skill level 10 in Ice Magic
  9405 | D:8      | Offered knowledge of Conjure Flame by Vehumet.
  9956 | D:8      | Acquired Vehumet's second power
 10055 | D:8      | Paralysed by a giant eyeball for 3 turns
 10061 | D:8      | Paralysed by a giant eyeball for 2 turns
 10067 | D:8      | Paralysed by a giant eyeball for 2 turns
 10071 | D:8      | Paralysed by a giant eyeball for 4 turns
 10077 | D:8      | Paralysed by a giant eyeball for 2 turns
 10084 | D:8      | Paralysed by a giant eyeball for 2 turns
 10088 | D:8      | Paralysed by a giant eyeball for 2 turns
 10334 | D:8      | Reached XP level 10. HP: 35/47 MP: 17/29
 10440 | D:8      | Offered knowledge of Mephitic Cloud by Vehumet.
 10595 | D:8      | HP: 2/47 [goliath beetle (22)]
 11690 | D:9      | Learned a level 4 spell: Summon Ice Beast
 11694 | D:9      | Learned a level 3 spell: Mephitic Cloud
 11991 | D:9      | Reached skill level 11 in Ice Magic
 12032 | D:9      | Reached skill level 10 in Conjurations
 12582 | D:9      | Noticed Psyche
 12586 | D:9      | Killed Psyche
 12724 | D:9      | Noticed Maurice
 12735 | D:9      | Acquired Vehumet's third power
 13052 | D:9      | Offered knowledge of Dazzling Spray by Vehumet.
 13725 | D:10     | Entered Level 10 of the Dungeon
 13725 | D:10     | Found Skuetsiuwn's Antique Weapon Shop.
 14330 | D:10     | Bought an iridescent hand axe for 210 gold pieces
 14332 | D:10     | Identified the hand axe "Huhidgh" {venom, +Rage rF-} (You bought it in a shop on level 10 of the Dungeon)
 14356 | D:10     | Found a staircase to the Lair.
 14394 | D:10     | Reached skill level 12 in Ice Magic
 14394 | D:10     | Reached XP level 11. HP: 48/51 MP: 22/31
 14628 | D:10     | Found Brexzu's Book Shop.
 14652 | D:10     | Found Wacuaguo's Antique Weapon Emporium.
 14680 | D:10     | Noticed a hill giant
 14696 | D:10     | Killed a hill giant
 15061 | D:10     | Reached skill level 10 in Spellcasting
 15322 | D:10     | Found Phopiwk's Magic Scroll Emporium.
 15331 | D:10     | Bought a scroll of fear for 52 gold pieces
 15382 | D:10     | Offered knowledge of Iron Shot by Vehumet.
 15645 | D:10     | Found a sparkling altar of Nemelex Xobeh.
 15958 | D:10     | Found Ymuupopn's Antique Armour Shop.
 15968 | D:10     | Bought an embroidered robe for 18 gold pieces
 16028 | D:11     | Found Thro Mei's Demolitions Depot.
 16734 | D:11     | Found a staircase to the Orcish Mines.
 17448 | Lair:1   | Entered Level 1 of the Lair of Beasts
 17922 | Lair:1   | Reached skill level 5 in Shields
 18332 | Lair:2   | Learned a level 5 spell: Lightning Bolt
 18335 | Lair:2   | Learned a level 2 spell: Repel Missiles
 18338 | Lair:2   | Learned a level 2 spell: Swiftness
 18342 | Lair:2   | Learned a level 3 spell: Flight
 19423 | Lair:2   | Reached skill level 13 in Ice Magic
 19485 | Lair:2   | Slain by a blink frog

Action                   |  1- 3 |  4- 6 |  7- 9 | 10-12 || total
-------------------------+-------+-------+-------+-------++-------
Melee: Unarmed           |    28 |    20 |       |    13 ||    61
       Short sword       |       |     5 |       |       ||     5
       Spear             |       |    31 |   164 |     8 ||   203
       Long sword        |       |       |       |    53 ||    53
       Flail             |       |       |       |    26 ||    26
 Cast: Freeze            |    68 |    99 |   221 |   213 ||   601
       Throw Frost       |       |    20 |    64 |   336 ||   420
       Shock             |       |     7 |    25 |    33 ||    65
       Throw Icicle      |       |       |    34 |    71 ||   105
       Summon Ice Beast  |       |       |       |     1 ||     1
Evoke: Wand              |       |       |     2 |     8 ||    10
  Use: Scroll            |       |    13 |     5 |     8 ||    26
       Potion            |       |       |     8 |     5 ||    13
 Stab: Distracted        |       |     1 |       |     1 ||     2
       Sleeping          |       |       |     8 |       ||     8
